 Dungeon Crawl Stone Soup version 0.29-a0-872-g797fff5ad1 (webtiles) character file.

Game seed: 12556840552200276099

117 siradein the Caller (level 4, -4/30 HPs)
             Began as a Vampire Summoner on July 19, 2022.
             Slain by an iguana (11 damage)
             ... on level 4 of the Dungeon.
             The game lasted 00:09:11 (2738 turns).

siradein the Caller (Vampire Summoner)              Turns: 2738, Time: 00:09:12

Health: -4/30      AC:  2    Str:  7    XL:     4   Next: 71%
Magic:  9/9        EV: 12    Int: 19    God:
Gold:   77         SH:  0    Dex: 14    Spells: 1/10 levels left

rFire   . . .      SeeInvis +   p - +4 spear
rCold   . . .      Faith    .   (no shield)
rNeg    + . .      Spirit   .   a - +0 robe
rPois   .          Reflect  .   (no helmet)
rElec   .          Harm     .   (no cloak)
rCorr   .          Rampage  .   (no gloves)
Will    .....                   (no boots)
Stlth   ++........              s - amulet of magic regeneration
HPRegen 0.30/turn               l - ring of positive energy
MPRegen 0.51/turn               (no ring)

@: healing quickly
A: alive, fangs 3, see invisible, vampiric 2
a: Exsanguinate


You were on level 4 of the Dungeon.
You visited 1 branch of the dungeon, and saw 4 of its levels.

You collected 115 gold pieces.
You spent 38 gold pieces at shops.

Inventory:

Hand Weapons
 p - a +4 spear (weapon)
Missiles
 f - a throwing net
Armour
 a - a +0 robe (worn)
Jewellery
 l - a ring of positive energy (left hand)
 r - a ring of fire
 s - an amulet of magic regeneration (around neck)
Wands
 q - a wand of flame (19)
Scrolls
 c - a scroll of fog {unknown}
 d - a scroll of teleportation {unknown}
 i - 3 scrolls of immolation {unknown}
 j - a scroll of fear {unknown}
 n - a scroll of acquirement {unknown}
 o - 2 scrolls of poison {unknown}
 t - 2 scrolls of vulnerability {unknown}
 w - a scroll of enchant weapon {unknown}
 x - a scroll of silence {unknown}
 y - 2 scrolls of magic mapping {unknown}
Potions
 b - a potion of magic
 e - a potion of resistance
 g - a potion of invisibility
 h - 2 potions of curing
 k - 2 potions of flight {unknown}
 m - 2 potions of haste {unknown}
 u - a potion of mutation {unknown}
 v - a potion of berserk rage {unknown}
 z - a potion of lignification {unknown}


   Skills:
 - Level 2.2 Dodging
 - Level 3.0 Stealth
 + Level 3.5 Spellcasting
 + Level 5.1 Summonings


You had one spell level left.
You knew the following spells:

 Your Spells              Type           Power      Damage    Failure   Level
a - Summon Small Mammal   Summ           92%        N/A       1%          1
b - Call Imp              Summ           23%        N/A       2%          2
c - Call Canine Familiar  Summ           23%        N/A       5%          3
d - Summon Guardian Gole  Hex/Summ       13%        N/A       16%         3

Your spell library contained the following spells:

 Spells                   Type           Power      Damage    Failure   Level
 Foxfire                  Conj/Fire      12%        2x1d4     14%         1
 Summon Lightning Spire   Summ/Air       13%        N/A       45%         4


Dungeon Overview and Level Annotations

Branches:
Dungeon (4/15)
 Temple: D:4-7

Altars:

Shops:
D:2 ***?:   D:3 :


Innate Abilities, Weirdness & Mutations

Your natural rate of healing is accelerated.
You have razor-sharp teeth.
You have supernaturally acute eyesight. (SInv)
You are afflicted with vampirism and can become a bat while bloodless.


Message History

Your crimson imp blinks!
The iguana bites you!
You are too injured to fight recklessly!
Unknown command.
You are too injured to fight recklessly!
Unknown command.
You are too injured to fight recklessly!
You swap places.
Your hound bites the white imp. x2
The iguana bites your crimson imp but does no damage.
Your crimson imp hits the white imp.
You hit the white imp but do no damage.
The white imp is heavily wounded.
Your crimson imp barely misses the white imp.
The iguana bites your crimson imp! The white imp barely misses you.
You hit the white imp.
The white imp is almost dead.
Your hound barely misses the white imp.
Your hound closely misses the white imp.
The white imp hits you. The white imp freezes you.
* * * LOW HITPOINT WARNING * * *
Your crimson imp blinks!
You barely miss the white imp.
The white imp is almost dead.
Your hound bites the white imp.
The white imp dies!
The iguana bites you.
* * * LOW HITPOINT WARNING * * *
Your hound closely misses the iguana.
Your hound bites the iguana.
The iguana misses you.
Your hound bites the iguana.
The iguana bites your hound!
Your hound closely misses the iguana.
Reach: p) +4 spear
Press: ? - help, Dir - move target, f - iguana
Aim: an iguana (heavily wounded, not watching you, ally target, about 31% to evade your +4 spear)
You reach to attack!
You hit the iguana.
The iguana is almost dead.
Your hound bites the iguana but does no damage.
Your crimson imp barely misses the iguana.
The iguana attacks as you move away! The iguana bites you!
You die...

#..#
#..#
#..# #
#..#
#.###..#
#......#
#.<.#
#.hl#
#.5@#
#...#
......#
#####..#
#..#
...#
#..#
##.#


You could see an iguana (ally target), a friendly hound (summoned) and a
friendly crimson imp (summoned).

Vanquished Creatures
  2 bats (D:1)
  4 endoplasms
  2 giant cockroaches (D:2)
  2 goblins
  3 hobgoblins
  A jackal (D:2)
  2 kobolds (D:3)
  4 ball pythons
  5 frilled lizards
  3 rats (D:2)
28 creatures vanquished.

Vanquished Creatures (collateral kills)
  A hound (D:3)
  An adder (D:3)
  A white imp (D:4)
  A worm (D:3)
  A ball python (D:3)
  4 endoplasms
  3 giant cockroaches
  4 goblins
  A hobgoblin (D:2)
  7 jackals
  A kobold (D:1)
  2 quokkas (D:2)
  A bat (D:2)
  3 frilled lizards
  3 rats
34 creatures vanquished.

Vanquished Creatures (others)
  A fungus (D:1)
1 creature vanquished.

Grand Total: 63 creatures vanquished

Notes
Turn   | Place    | Note
-------+----------+-------------------------------------------
     0 | D:1      | siradein the Vampire Summoner began the quest for the Orb.
     0 | D:1      | Reached XP level 1. HP: 13/13 MP: 3/3
   308 | D:1      | Reached XP level 2. HP: 19/19 MP: 1/5
   317 | D:1      | Learned a level 2 spell: Call Imp
   416 | D:1      | Found a faded altar of an unknown god.
   467 | D:1      | Got Plato's Secrets of Blasts
   970 | D:1      | Gained mutation: You are afflicted with vampirism and can
                  | become a bat while bloodless. [Vampire growth]
   970 | D:1      | Reached XP level 3. HP: 24/24 MP: 4/7
  1040 | D:1      | Learned a level 3 spell: Call Canine Familiar
  1208 | D:2      | Found Radettan's General Store.
  1217 | D:2      | Found Hacor's General Store.
  1259 | D:2      | Bought a scroll of identify for 24 gold pieces
  1269 | D:2      | Found Siuck's Magic Scroll Shop.
  1302 | D:2      | Bought a scroll of noise for 14 gold pieces
  1303 | D:2      | Found Ribrug's Book Shoppe.
  1498 | D:2      | Found Ceffoc's Assorted Antiques.
  1901 | D:3      | Reached XP level 4. HP: 30/30 MP: 8/8
  1905 | D:3      | Learned a level 3 spell: Summon Guardian Golem
  1937 | D:3      | Found Ylasoat's Book Shop.
  2204 | D:3      | Reached skill level 5 in Summonings
  2738 | D:4      | Slain by an iguana

Illustrated notes

Levels and vault maps discovered:
D:1:      amcnicky_arrival_choice, layout_basic,
          shapermc_ecumenical_altar_rom_forum, minivault_26,
          chequers_serial_rivers_micro_a
D:2:      layout_rooms, serial_shops, nicolae_shop_crystal,
          nicolae_diamond_shop, shop, nicolae_shop_waterfront,
          nicolae_shop_statue_plus
D:3:      layout_basic, serial_shops, shop
D:4:      layout_loops_ring, kennysheep_little_box,
          nicolae_dithmenos_through_a_glass_darkly,
          minmay_temple_entry_glassed_door, gup_sewer_entry_spiral,
          kennysheep_small_spiral, saegor_snake_ambush, uniq_duvessa

Skill      XL: |  1  2  3  4 |
---------------+-------------+-----
Spellcasting   | 3 |  3.5
Summonings     | 5 |  5.1
Dodging        | |  2.2
Stealth        | |  3.0

Action                   |  1- 3 |  4- 6 || total
-------------------------+-------+-------++-------
Melee: Unarmed           |   113 |       ||   113
       Bite              |    13 |     1 ||    14
       Punch             |     1 |       ||     1
       Spear             |    21 |    19 ||    40
 Cast: Summon Small Mamm |    11 |       ||    11
       Call Imp          |    18 |     3 ||    21
       Call Canine Famil |     1 |     1 ||     2
  Use: Scroll            |     3 |       ||     3
 Stab: Sleeping          |     7 |     2 ||     9
       Distracted        |     1 |       ||     1
Armor: Robe              |    31 |       ||    31
Dodge: Dodged            |   119 |     8 ||   127

Table legend: (Time is in decaauts)
 A = Elapsed time spent in this place.
 B = Non-inter-level travel time spent in this place.
 C = Inter-level travel time spent in this place.
 D = Time resting spent in this place.
 E = Time spent auto-exploring this place.
 F = Levels seen in this place.
 G = Mean time per level.
                   A        B        C        D        E       F      G
               +--------+--------+--------+--------+--------+-----+--------+
         Total |   2741 |   2665 |     76 |      0 |   2139 |   4 |  685.2 |
       Dungeon |   2741 |   2665 |     76 |      0 |   2139 |   4 |  685.2 |
               +--------+--------+--------+--------+--------+-----+--------+

Top non-repeatable levels by time:
     D:1: 1078 daAuts
     D:3: 930 daAuts
     D:2: 721 daAuts
     D:4: 11 daAuts
